 Dungeon Crawl Stone Soup version 0.20.1-2-g1830e616b0 (webtiles) character file.

36 DarkMedievalTimes the Chopper (level 3, 0/33 HPs)
             Began as a Hill Orc Berserker on Jan 21, 2024.
             Was a Follower of Trog.
             Slain by a jackal (1 damage)
             ... on level 1 of the Dungeon.
             The game lasted 00:04:13 (1459 turns).

DarkMedievalTimes the Chopper (Hill Orc Berserker)  Turns: 1459, Time: 00:04:13

Health: 0/33       AC:  2    Str: 19    XL:     3   Next: 37%
Magic:  3/3        EV: 12    Int:  7    God:    Trog [*.....]
Gold:   25         SH:  0    Dex: 11    Spells: 2/2 levels left

rFire    . . .     SeeInvis .   a - +0 hand axe
rCold    . . .     Gourm    .   (no shield)
rNeg     . . .     Faith    .   b - +0 animal skin
rPois    .         Spirit   .   (no helmet)
rElec    .         Reflect  .   (no cloak)
rCorr    .         Harm     .   (no gloves)
MR       .....                  (no boots)
Stlth    +.........             (no amulet)
Regen    0.2/turn               (no ring)
MPRegen  0.1/turn               (no ring)

@: berserk cooldown
A: no striking features
a: Berserk, Burn Spellbooks, Renounce Religion


You were on level 1 of the Dungeon.
You worshipped Trog.
Trog was aware of your devotion.
You were not hungry.

You visited 1 branch of the dungeon, and saw 2 of its levels.

You collected 25 gold pieces.

Inventory:

Hand Weapons
 a - a +0 hand axe (weapon)
Missiles
 g - a throwing net (quivered)
 l - 9 sling bullets
Armour
 b - a +0 animal skin (worn)
Jewellery
 i - a +4 amulet of reflection {unknown}
 o - a cursed -5 ring of slaying {unknown}
Scrolls
 e - a scroll of teleportation {unknown}
 f - a scroll of fog {unknown}
 k - a scroll of identify {unknown}
 m - a scroll of remove curse {unknown}
 r - a scroll of fear {unknown}
 s - a scroll of enchant weapon {unknown}
Potions
 h - a potion of heal wounds {unknown}
 n - a potion of brilliance {unknown}
 p - a potion of curing {unknown}
 q - a potion of berserk rage {unknown}
Comestibles
 c - a bread ration
 d - 2 meat rations
 j - 6 chunks of flesh


   Skills:
 + Level 4.2 Fighting
 * Level 4.8 Axes
 + Level 2.8 Armour
 - Level 1.5 Dodging


You had 2 spell levels left.
You didn't know any spells.

Dungeon Overview and Level Annotations

Branches:
Dungeon (2/15)

Altars:


Message History

The jackal closely misses you. The jackal completely misses you.
The jackal misses you. The jackal barely misses you. x2
The jackal closely misses you.
Unknown command.
Unknown command.
Unknown command.
You hit the jackal but do no damage. x2; You barely miss the jackal.
You feel yourself speed up. The jackal bites you.
* * * LOW HITPOINT WARNING * * *
The jackal barely misses you. The jackal bites you.
* * * LOW HITPOINT WARNING * * *
The jackal bites you.
* * * LOW HITPOINT WARNING * * *
The jackal bites you.
* * * LOW HITPOINT WARNING * * *
The jackal bites you.
* * * LOW HITPOINT WARNING * * *
The jackal bites you.
You die...

.........##########
........).........##########
.........##...###....##....#
#####)#####.#........##.#.##
####..(...)#.#.#.#..##.#.#
##.############.........#.#
...# #.....#...###.#
.#.##########.##h.#...# #.#
...............h@h..### #.#
.################.#.# #.#
.####### #...#...# #.#
.##....######...##### #.#
###.##.##.......# #.#
...).#.##.####.## ###.#
.#...#(##)#....# #...#
.#...#.##.#.#### #.###
##...#.##.#)###########.#


You could see 3 jackals.

Vanquished Creatures
  An adder (D:2)
  An ooze (D:1)
  2 giant cockroaches
  6 hobgoblins (D:1)
  A jackal (D:2)
  2 ball pythons (D:1)
  A bat (D:1)
  2 goblins (D:1)
  3 kobolds (D:1)
  4 rats
23 creatures vanquished.

Notes
Turn   | Place    | Note
-------+----------+-------------------------------------------
     0 | D:1      | DarkMedievalTimes the Hill Orc Berserker began the quest for the Orb.
     0 | D:1      | Reached XP level 1. HP: 19/19 MP: 1/1
   453 | D:1      | HP: 1/20 [kobold/short sword (5)]
   774 | D:1      | Reached XP level 2. HP: 27/27 MP: 2/2
  1308 | D:1      | Reached XP level 3. HP: 29/33 MP: 3/3
  1459 | D:1      | HP: 1/33 [jackal (2)]
  1459 | D:1      | Slain by a jackal

Skill      XL: |  1  2 |
---------------+-------+-----
Fighting       | 4 |  4.2
Axes           | |  4.8
Armour         | |  2.8
Dodging        | |  1.5

Action                   || total
-------------------------++-------
Melee: Hand axe          ||    59
Invok: Berserk           ||     2
  Eat: Chunk             ||     3
Armor: Animal skin       ||     8
Dodge: Dodged            ||    44
